 Dungeon Crawl Stone Soup version 0.19.5 (webtiles) character file.

49 tidbits the Slasher (level 3, 0/26 HPs)
             Began as a High Elf Wanderer on Oct 30, 2017.
             Was a Follower of Uskayaw.
             Slain by a hobgoblin (3 damage)
             ... on level 2 of the Dungeon.
             The game lasted 00:05:20 (485 turns).

tidbits the Slasher (High Elf Wanderer)              Turns: 485, Time: 00:05:21

Health: 0/26       AC:  6    Str: 10    XL:     3   Next: 51%
Magic:  4/4        EV: 10    Int: 18    God:    Uskayaw [*.....]
Gold:   46         SH:  0    Dex: 14    Spells: 0 memorised, 2 levels left

rFire  . . .     SeeInvis .     a - +0 falchion
rCold  . . .     Gourm    .     B - +0 ring mail
rNeg   . . .     Faith    .     (no shield)
rPois  .         Spirit   .     (no helmet)
rElec  .         Reflect  .     C - +0 cloak
rCorr  .         Harm     .     (no gloves)
MR     .....                    (no boots)
Stlth  +.........               (no amulet)
                                (no ring)
                                (no ring)

@: no status effects
A: no striking features
a: Stomp, Renounce Religion


You were on level 2 of the Dungeon.
You worshipped Uskayaw.
Uskayaw was noncommittal.
You were not hungry.

You visited 1 branch of the dungeon, and saw 3 of its levels.

You collected 46 gold pieces.

Inventory:

Hand Weapons
 a - a +0 falchion (weapon)
 b - a +2 hand crossbow
 f - a +0 dagger
 g - a +0 short sword
 h - a +0 hunting sling
   (You found it on level 3 of the Dungeon)
Missiles
 d - 18 bolts
 j - 32 arrows
Armour
 o - a +0 robe
 B - a +0 ring mail (worn)
   (You found it on level 2 of the Dungeon)
 C - a +0 cloak (worn)
   (You found it on level 2 of the Dungeon)
Jewellery
 p - an uncursed amulet of regeneration {unknown}
   (You found it on level 3 of the Dungeon)
Scrolls
 i - 2 scrolls of fog {unknown}
 l - a scroll of remove curse {unknown}
 m - a scroll of enchant armour {unknown}
Potions
 e - a potion of degeneration {unknown}
 n - a potion of curing {unknown}
Comestibles
 c - a bread ration
 k - a meat ration


   Skills:
 - Level 3.0 Fighting
 + Level 3.7 Long Blades
 - Level 1.0 Crossbows
 - Level 1.7 Armour
 - Level 1.5 Dodging
 - Level 2.1 Stealth
   Level 1.0 Shields


You had 2 spell levels left.
You didn't know any spells.

Dungeon Overview and Level Annotations

Branches:
Dungeon (3/15)

Altars:
Uskayaw


Message History

Aim: an adder You shoot a bolt.
The bolt hits the adder!
You kill the adder!
Your Long Blades skill increases to level 3!
An adder comes into view.
Found a viscous dark potion.
Firing (i - inventory):
d - 19 bolts (quivered)
Press: ? - help, Shift-Dir - straight line, f - adder
Aim: an adder (resting)
You shoot a bolt. The bolt hits the adder.
The adder hisses angrily.
The adder is moderately wounded.
You can now pass through a line of other dancers.
Firing (i - inventory):
d - 18 bolts (quivered)
Press: ? - help, Shift-Dir - straight line, f/p - adder
Aim: an adder (moderately wounded)
You shoot a bolt. The bolt misses the adder.
Firing (i - inventory):
d - 17 bolts (quivered)
Press: ? - help, Shift-Dir - straight line, f/p - adder
Aim: an adder (moderately wounded)
You shoot a bolt. The bolt hits the adder!
You kill the adder!
Found 26 arrows.
You see here a bolt.
d - 17 bolts (gained 1)
You can no longer pass through a line of other dancers.
You see here a bolt.
d - 18 bolts (gained 1)
Found a scroll labeled NUTWIDDOUL.
You see here a bolt.
d - 19 bolts (gained 1)
Found a fuming yellow potion.
Found a ring mail.
Found 19 stones.
Found a meat ration.
Found a stone staircase leading down.
You see here a ring mail.
o - a ring mail Wear which item? (? for menu, Esc to quit)
You start removing your armour.
You continue taking off your +0 robe. x4
You finish taking off your +0 robe.
You start putting on your armour.
You continue putting on your ring mail. x5
You finish putting on your +0 ring mail.
Adjust (i)tems, (s)pells, or (a)bilities?
Adjust which item? (? for menu, Esc to quit)
o - a +0 ring mail (worn)
Adjust to which letter? (? for menu, Esc to quit)
B - a +0 ring mail (worn);
o - a +0 robe A hobgoblin comes into view.
It is wielding a club.
Firing (i - inventory):
d - 19 bolts (quivered)
Press: ? - help, Shift-Dir - straight line, f - hobgoblin
Aim: a hobgoblin, wielding a club (resting)
You shoot a bolt. The bolt hits the hobgoblin!
You kill the hobgoblin!
Things that are here:
a bolt; a club; a hobgoblin corpse
d - 19 bolts (gained 1)
There is a stone staircase leading down here.
You climb downwards.
A hobgoblin and an orc come into view.
Found a twisted silver amulet.
There is a stone staircase leading up here.
The hobgoblin shouts!
Found a scroll labeled YMODIN VIEXIM.
The hobgoblin barely misses you.
You see here a twisted silver amulet.
p - a twisted silver amulet The hobgoblin hits you.
* * * LOW HITPOINT WARNING * * *
Firing (i - inventory):
d - 19 bolts (quivered)
Press: ? - help, Shift-Dir - straight line, f - hobgoblin
Aim: a hobgoblin You shoot a bolt.
The bolt closely misses the hobgoblin.
The hobgoblin misses you.
An orc comes into view.
The orc shouts!
The hobgoblin hits you but does no damage.
There is a stone staircase leading up here.
The hobgoblin barely misses you.
You climb upwards.
There is a stone staircase leading down here.
a - a +0 falchion (weapon)
The hobgoblin closely misses you.
You hit the hobgoblin.
The hobgoblin is severely wounded.
The hobgoblin hits you.
* * * LOW HITPOINT WARNING * * *
You barely miss the hobgoblin.
The hobgoblin is severely wounded.
The hobgoblin hits you but does no damage.
You hit the hobgoblin but do no damage.
The hobgoblin is severely wounded.
The hobgoblin hits you but does no damage.
You closely miss the hobgoblin.
The hobgoblin is severely wounded.
The hobgoblin closely misses you.
You closely miss the hobgoblin.
The hobgoblin is severely wounded.
The hobgoblin hits you.
You die...

#...#.####.. ..%.#
#....#.##...
...........##.#..#
##....#.##...
..?...###........#
#.......##...
...#..###...##...#
#.......##...
..............(..#
#.......##...
............#....#
#.......##...
....######.......#
#######.##... ....
#.##..g.########
#....## ....
#.####.@.......#
###### .... #.#
##.......)# ###
.... ###
#........# #.. ..
#........# #..
#........# #..
#........# #..
#........# ###
#........#
#........#


You could see a hobgoblin.

Vanquished Creatures
  2 adders (D:2)
  A dart slug (D:1)
  2 leopard geckos (D:2)
  2 bats (D:1)
  5 goblins
  2 hobgoblins
  3 jackals (D:1)
  2 frilled lizards
  4 kobolds (D:1)
  A rat (D:2)
24 creatures vanquished.

Notes
Turn   | Place    | Note
-------+----------+-------------------------------------------
     0 | D:1      | tidbits the High Elf Wanderer began the quest for the Orb.
     0 | D:1      | tidbits set off with: a +2 hand crossbow, 23 bolts, a +0 short sword, a +0 falchion, a +0 robe, a +0 dagger, a bread ration
     0 | D:1      | Reached XP level 1. HP: 16/16 MP: 2/2
   110 | D:1      | Reached skill level 1 in Dodging
   123 | D:1      | Reached XP level 2. HP: 7/21 MP: 3/3
   150 | D:1      | Reached skill level 2 in Long Blades
   353 | D:2      | Found a hide-covered altar of Uskayaw.
   358 | D:2      | Became a worshipper of Uskayaw the Reveler
   369 | D:1      | Reached * piety under Uskayaw
   383 | D:1      | Reached ** piety under Uskayaw
   391 | D:2      | HP: 2/21 [goblin/club (2)]
   392 | D:2      | Reached XP level 3. HP: 3/26 MP: 4/4
   402 | D:2      | Reached skill level 3 in Long Blades
   485 | D:2      | Slain by a hobgoblin

Skill      XL: |  1  2  3 |
---------------+----------+-----
Dodging        | 1 |  1.5
Long Blades    | 2 3 |  3.7
Fighting       | |  3.0
Crossbows      | |  1.0
Armour         | |  1.7
Stealth        | |  2.1
Shields        | |  1.0

Action                   || total
-------------------------++-------
Melee: Falchion          ||    31
 Fire: Hand crossbow     ||    31
Armor: Robe              ||     4
       Ring mail         ||     3
Dodge: Dodged            ||    30
       Rpst.: Falchion   ||    11

Table legend:
 A = Turns spent in this place as a percentage of turns spent in the entire game.
 B = Non-inter-level travel turns spent in this place as a percentage of non-inter-level travel turns spent in the entire game.
 C = Inter-level travel turns spent in this place as a percentage of turns spent in this place.
 D = Turns resting spent in this place as a percentage of non-inter-level travel turns spent in this place.
 E = Turns spent auto-exploring this place as a percentage of non-inter-level travel turns spent in this place.
 F = Non-inter-level travel turns spent in this place divided by the number of levels of this place that you've seen.
                   A       B       C       D       E      F
               +-------+-------+-------+-------+-------+----------------------
         Total | 100.0 | 100.0 |   0.0 |   0.0 |   0.0 | 151.3
       Dungeon | 100.0 | 100.0 |   0.0 |   0.0 |   0.0 | 151.3
               +-------+-------+-------+-------+-------+----------------------

Table legend:
 A = Kills in this place as a percentage of kills in entire the game.
 B = Kills by you in this place as a percentage of kills by you in the entire game.
 C = Kills by friends in this place as a percentage of kills by friends in the entire game.
 D = Other kills in this place as a percentage of other kills in the entire game.
 E = Experience gained in this place as a percentage of experience gained in the entire game.
 F = Experience gained in this place divided by the number of levels of this place that you have seen.
                   A       B       C       D       E      F
               +-------+-------+-------+-------+-------+----------------------
         Total | 100.0 | 100.0 |  -nan |  -nan | 100.0 |  23.3
       Dungeon | 100.0 | 100.0 |  -nan |  -nan | 100.0 |  23.3
               +-------+-------+-------+-------+-------+----------------------

Vault maps used:
D:1:      sevenhm_arrival_forest_fort_small_4
D:2:      overflow_temple_1_default, first_bread
D:3:      lemuel_round_altar, nicolae_ashenzari_panopticon,
          hangedman_decor_clover_reticule
